 Dungeon Crawl Stone Soup version 0.30-a0-737-gf23d94013f (webtiles) character file.

Game seed: 2756298939323978102

22224 Gargoyl the Cleaver (level 12, -1/80 HPs)
             Began as a Gargoyle Berserker on Feb 2, 2023.
             Was a High Priest of Trog.
             Killed from afar by a hell hog (41 damage)
             ... with a fireball
             ... in a Gauntlet.
             The game lasted 00:16:12 (11937 turns).

Gargoyl the Cleaver (Gargoyle Berserker)           Turns: 11937, Time: 00:16:12

Health: -1/80      AC: 45    Str: 19    XL:     12   Next: 98%
Magic:  21/21      EV:  7    Int: 16    God:    Trog [*****.]
Gold:   139        SH:  4    Dex: 15    Spells: 11/11 levels left

rFire   . . .      SeeInvis +    C - +2 war axe (spect)
rCold   . . .      Faith    .    I - +0 buckler
rNeg    + . .      Spirit   .    K - +14 plate armour "Ciegrirgh" {MP+9 Dex+4}
rPois   ∞          Reflect  .    k - +2 helmet
rElec   +          Harm     .    (no cloak)
rCorr   +          Rampage  .    (no gloves)
Will    ++...      NoTele   +    (no boots) Stlth
                                 (no amulet)
HPRegen 1.33/turn                u - +4 ring of protection
MPRegen 0.17/turn                D - ring "Xocaluqu" {rElec rCorr Str-3 Int+6 SInv}

@: strong-willed, regenerating
A: sickness immunity, AC +8, negative energy resistance 1, electricity
resistance, torment resistance 1, petrification resistance
a: Renounce Religion, Berserk, Trog's Hand, Brothers in Arms


You were in a Gauntlet.
You worshipped Trog.
Trog was extremely pleased with you.
You visited 2 branches of the dungeon, and saw 13 of its levels.
You also visited: Gauntlet.

You collected 891 gold pieces.
You spent 752 gold pieces at shops.

Inventory:

Hand Weapons
 a - a +0 vampiric hand axe
 C - a +2 spectral war axe (weapon)
 E - a +2 trident of freezing
Missiles
 b - 8 throwing nets
 c - 9 poisoned darts (quivered)
 m - 4 javelins
Armour
 k - a +2 helmet (worn)
 I - a +0 buckler (worn)
 K - the +14 plate armour "Ciegrirgh" (worn) {MP+9 Dex+4}
   (You bought it in a shop on level 9 of the Dungeon)

   Dex:       It affects your dexterity (+4).
   MP:        It affects your magic capacity (+9).
Jewellery
 u - a +4 ring of protection (left hand)
 D - the ring "Xocaluqu" (right hand) {rElec rCorr Str-3 Int+6 SInv}
   (You acquired it in a Gauntlet)

   [ring of intelligence]

   Str:       It affects your strength (-3).
   Int:       It affects your intelligence (+6).
   rElec:     It insulates you from electricity.
   SInv:      It lets you see invisible.
   rCorr:     It protects you from acid and corrosion.
 J - a +6 ring of intelligence
 L - a ring of fire
Wands
 n - a wand of flame (33)
 v - a wand of mindburst (9)
 w - a wand of roots (12)
 F - a wand of light (6)
Scrolls
 e - 4 scrolls of vulnerability
 f - 5 scrolls of identify
 h - 2 scrolls of magic mapping
 o - 5 scrolls of immolation
 p - 4 scrolls of teleportation
 y - a scroll of enchant weapon
 A - 3 scrolls of poison
 M - a scroll of butterflies
 N - a scroll of fog
Potions
 d - a potion of flight
 g - 3 potions of cancellation
 i - 2 potions of berserk rage
 j - 13 potions of ambrosia
 l - 3 potions of haste
 q - a potion of magic
 r - 3 potions of brilliance {unknown}
 s - 8 potions of curing
 t - a potion of might {unknown}
 x - 7 potions of lignification {unknown}
 z - 2 potions of attraction {unknown}
 B - 3 potions of heal wounds
 G - a potion of resistance {unknown}
 H - 2 potions of mutation {unknown}


   Skills:
 + Level 11.1 Fighting
 + Level 13.3(13.4) Axes
 + Level 2.3(8.9) Polearms
 + Level 1.3 Throwing
 + Level 11.4 Armour
 + Level 4.3 Dodging
 + Level 5.1 Stealth
 + Level 2.1 Shields


You had 11 spell levels left.
You didn't know any spells.
Your spell library was empty.

Dungeon Overview and Level Annotations

Branches:
Dungeon (10/15)            Temple (0/1) D:7            Lair (3/5) D:10
  Swamp (0/4) Lair:2          Orc (0/2) D:10        Gauntlet (1/1)
  Snake: Lair:2-3    Spider: Lair:2-3

Altars:
Dithmenos
Qazlal
Trog
Xom
The Shining One

Shops:
D:3 ?   D:9 ![

Annotations:
D:4 Sigmund Gauntlet 2 transporters, 1 runed translucent door


Innate Abilities, Weirdness & Mutations

You are immune to sickness and miasma.
Your stone body is resilient. (AC +8)
You are immune to poison.
You resist negative energy. (rN+)
You are resistant to electric shocks. (rElec)
You are resistant to unholy torment.
You are immune to petrification.


Message History

There is an open translucent door here.
Found a scroll of enchant weapon.
The hell hound bites you but does no damage.
The hell hound breathes flames at you.
The blast of flame hits you but does no damage.
You barely miss the hell hound.
Your +2 spectral war axe hits the hell hound but does no damage.
The hell hound closely misses you.
You slash the hell hound!
The hell hound is moderately wounded.
Your +2 spectral war axe hits the hell hound!
The hell hound bites you but does no damage.
You hit the hell hound but do no damage.
The hell hound is severely wounded.
Your +2 spectral war axe misses the hell hound.
The hell hound bites you but does no damage.
You slash the hell hound!
You kill the hell hound!
Trog accepts your kill.
The fire bat bites you but does no damage.
The fire bat barely misses you.
The fire bat bites you but does no damage.
The hell hog breathes fire at you.
The fireball explodes!
The fireball engulfs the fire bat.
The fire bat completely resists.
The fireball engulfs the hell hog.
The hell hog completely resists.
The fireball engulfs you!!
The fire bat bites you but does no damage.
The fire bat bites you.
You are engulfed in flames!
You see here a hell hound corpse.
The fire bat bites you but does no damage.
You block the fire bat's attack.
The fire bat bites you but does no damage.
Your skin crawls.
You feel strong-willed.
The fire bat bites you but does no damage. x2
The hell hog breathes fire at you.
The fireball explodes!
The fireball engulfs the fire bat.
The fire bat completely resists.
The fireball engulfs you!!!
Ouch! That really hurt!
You die...

≈.........................
#..#########..#########..#
≈..#.......#..##.#.#.##..#
#..#(###+#.#..#.#.#.#.#..#
§..#.#≈..#.#####.#.#.#####
..#©#≈©.#.#©©#©#.#.#.#©©#
≈..#)#§..#h#####.#©#.#####
#..#=###'#b#..#.#.#.#.#..#
#..#.....@b#..##.#.#.##..#
#..#########..#########..#
#.∩.......................
#.........................
..###########..##########
..#....yyy..#..#..#sS....
..#.#.....#.#..#. .#.....
.#?.##.##..#..# #....#


You could see a hell hog (catching breath), 3 meliai and 2 fire bats.

Vanquished Creatures
  Fannar (Lair:1)
  A hydra (Lair:3)
  A two-headed ogre (D:10)
  A swamp dragon (Lair:2)
  Pikel (D:8)
  The ghost of Lavandula the Carver, a novice HuMo of Elyvilon (D:6)
  A black mamba (Lair:2)
  An eye of devastation (Gauntlet)
  5 cane toads
  A torpor snail (Lair:1)
  Psyche (D:8)
  2 rime drakes (Lair:2)
  2 tengu conjurers (D:10)
  A komodo dragon (Lair:3)
  The ghost of LetschGu the Shooter, a novice SpHu of the Shining One (D:6)
  A queen bee (Lair:3)
  2 trolls (D:10)
  7 blink frogs
  A hornet (D:9)
  3 shadows (Gauntlet)
  A steam dragon (D:6)
  5 wyverns
  23 yaks
  A golden eye (Gauntlet)
  2 basilisks
  Grum (D:8)
  Menkaure (D:4)
  An acid dragon (D:10)
  A hell hound (Gauntlet)
  Duvessa (D:4)
  A floating eye (Gauntlet)
  11 water moccasins
  A swamp drake (D:10)
  A black bear (D:6)
  5 orc warriors
  A sky beast (D:7)
  2 ogres
  An ice beast (D:7)
  2 centaurs
  10 wolves
  A lemure (D:8)
  2 phantoms
  3 kobold brigands
  A necrophage (D:7)
  The ghost of anKLM the Sneak, an amateur SpEn (D:6)
  17 bullfrogs
  4 scorpions
  3 wights (D:6)
  Dowan (D:4)
  23 killer bees (Lair:3)
  2 howler monkeys (D:9)
  3 hounds
  9 orc priests
  A gnoll bouda (D:6)
  4 iguanas
  9 orc wizards
  8 adders
  13 gnolls
  2 white imps
  3 ufetubi
  45 orcs
  5 ball pythons
  2 bats (D:2)
  2 endoplasms
  2 giant cockroaches
  3 goblins (D:1)
  5 hobgoblins
  5 jackals (D:1)
  15 kobolds
  2 quokkas
  2 frilled lizards (D:2)
  3 rats
308 creatures vanquished.

Vanquished Creatures (others)
  12 fungi
  22 plants
34 creatures vanquished.

Grand Total: 342 creatures vanquished

Notes
Turn   | Place    | Note
-------+----------+-------------------------------------------
     0 | D:1      | Gargoyl the Gargoyle Berserker began the quest for the Orb.
     0 | D:1      | Reached XP level 1. HP: 14/14 MP: 1/1
   140 | D:1      | Reached XP level 2. HP: 15/19 MP: 2/2
   190 | D:1      | Reached skill level 3 in Axes
   907 | D:2      | Reached XP level 3. HP: 24/24 MP: 3/3
  1670 | D:2      | Reached XP level 4. HP: 27/29 MP: 4/4
  2253 | D:3      | Found Ruiworre's Magic Scroll Shoppe.
  2275 | D:3      | Bought 2 scrolls of teleportation for 72 gold pieces
  2275 | D:3      | Bought a scroll of teleportation for 36 gold pieces
  2483 | D:3      | Found a faded altar of an unknown god.
  2495 | D:3      | Reached ** piety under Trog
  2827 | D:4      | Reached skill level 1 in Stealth
  2891 | D:4      | Noticed Duvessa
  2891 | D:4      | Noticed Dowan
  2900 | D:4      | Killed Duvessa
  2901 | D:4      | Reached skill level 4 in Axes
  2901 | D:4      | Reached XP level 5. HP: 33/33 MP: 5/5
  2908 | D:4      | Reached XP level 6. HP: 38/38 MP: 6/6
  2910 | D:4      | Killed Dowan
  2959 | D:4      | Reached skill level 5 in Axes
  3036 | D:4      | Noticed Sigmund
  3249 | D:4      | Noticed Menkaure
  3257 | D:4      | Killed Menkaure
  3258 | D:4      | Reached XP level 7. HP: 44/44 MP: 7/7
  3303 | D:5      | Entered Level 5 of the Dungeon
  4115 | D:6      | Reached skill level 6 in Axes
  4115 | D:6      | Reached skill level 5 in Armour
  4124 | D:6      | Reached XP level 8. HP: 48/48 MP: 8/8
  4293 | D:6      | Found a runed translucent gate.
  4294 | D:6      | Found a runed translucent gate.
  4300 | D:6      | Found a runed translucent gate.
  4301 | D:6      | Noticed anKLM's ghost (amateur SpEn)
  4301 | D:6      | Noticed Lavandula's ghost (novice HuMo)
  4301 | D:6      | Noticed LetschGu's ghost (novice SpHu)
  4328 | D:6      | Reached skill level 5 in Fighting
  4771 | D:5      | Reached skill level 7 in Axes
  5205 | D:6      | Killed anKLM's ghost
  5212 | D:6      | Killed LetschGu's ghost
  5213 | D:6      | Reached skill level 1 in Throwing
  5213 | D:6      | Reached XP level 9. HP: 55/55 MP: 9/9
  5252 | D:6      | Killed Lavandula's ghost
  5361 | D:7      | Found a staircase to the Ecumenical Temple.
  5438 | D:7      | Reached skill level 8 in Axes
  5898 | D:7      | Noticed a two-headed ogre
  6128 | D:8      | Found a shimmering altar of Xom.
  6142 | D:8      | Found a bloodstained altar of Trog.
  6179 | D:8      | Reached XP level 10. HP: 63/63 MP: 10/10
  6325 | D:8      | Found a glowing golden altar of the Shining One.
  6332 | D:8      | Found a shadowy altar of Dithmenos.
  6393 | D:8      | Noticed Pikel
  6424 | D:8      | Killed Pikel
  6425 | D:8      | Reached skill level 9 in Axes
  6635 | D:8      | Noticed Psyche
  6647 | D:8      | Killed Psyche
  6673 | D:8      | Noticed Grum
  6923 | D:8      | Killed Grum
  7568 | D:9      | Found a stormy altar of Qazlal.
  7651 | D:9      | Found Nonilam's Antique Armour Shoppe.
  7762 | D:9      | Found Voigha's Distillery.
  7872 | D:10     | Entered Level 10 of the Dungeon
  7872 | D:10     | Noticed a two-headed ogre
  7878 | D:10     | Killed a two-headed ogre
  7879 | D:10     | Reached skill level 10 in Axes
  8020 | D:10     | Reached XP level 11. HP: 57/69 MP: 11/11
  8020 | D:10     | Reached *** piety under Trog
  8498 | D:10     | Found a staircase to the Lair.
  8673 | D:10     | Found a staircase to the Orcish Mines.
  8681 | D:10     | Reached skill level 10 in Armour
  8859 | Lair:1   | Entered Level 1 of the Lair of Beasts
  8873 | Lair:1   | Noticed Fannar
  8892 | Lair:1   | Killed Fannar
  8893 | Lair:1   | Reached skill level 11 in Axes
  9129 | Lair:1   | Reached skill level 1 in Shields
  9663 | D:9      | Bought a fine plate armour for 644 gold pieces
  9663 | D:9      | Identified the +14 plate armour "Ciegrirgh" {MP+9 Dex+4}
                  | (You bought it in a shop on level 9 of the Dungeon)
  9929 | Lair:1   | You fall into a shaft and drop 1 floor!
  9960 | Lair:2   | Reached XP level 12. HP: 75/77 MP: 12/12
  9994 | Lair:2   | Reached skill level 10 in Fighting
 10033 | Lair:2   | Reached skill level 12 in Axes
 10060 | Lair:2   | Reached **** piety under Trog
 10630 | Lair:2   | Found a staircase to the Swamp.
 11325 | Lair:3   | Noticed an eight-headed hydra
 11341 | Lair:3   | Killed an eight-headed hydra
 11351 | Lair:3   | Reached skill level 1 in Polearms
 11367 | Lair:3   | Reached skill level 5 in Stealth
 11775 | Lair:3   | Reached skill level 13 in Axes
 11778 | Lair:3   | Found a gate leading to a gauntlet.
 11815 | Gauntlet | Entered a Gauntlet
 11815 | Gauntlet | Found a transporter.
 11815 | Gauntlet | Found a transporter.
 11816 | Gauntlet | Noticed a soul eater
 11828 | Gauntlet | Reached ***** piety under Trog
 11836 | Gauntlet | Found a transporter.
 11836 | Gauntlet | Found a transporter.
 11854 | Gauntlet | Identified a scroll of acquirement
 11854 | Gauntlet | Acquired the ring "Xocaluqu" {rElec rCorr Str-3 Int+6 SInv}
 11863 | Gauntlet | Found a transporter.
 11863 | Gauntlet | Found a transporter.
 11882 | Gauntlet | Noticed a hell hog
 11887 | Gauntlet | Found a runed translucent door.
 11890 | Gauntlet | Found a runed translucent door.
 11927 | Gauntlet | Found a transporter.
 11937 | Gauntlet | Killed from afar by a hell hog

Illustrated notes

Levels and vault maps discovered:
D:1:      dpeg_arrival_windows_large_door, layout_loops_ring, serial_forest,
          infiniplex_forest_lined_3_way, infiniplex_forest_clump_double,
          infiniplex_forest_end_2, infiniplex_forest_clump_diagonal,
          infiniplex_forest_corner_2, infiniplex_forest_diagonal
D:2:      layout_basic, amcnicky_mini_pool_small, nicolae_grassy_gnolls
D:3:      layout_loops_cross, serial_shops, nicolae_shop_stone,
          hellmonk_ecumenical_altar_inner_sanctum
D:4:      layout_basic, uniq_menkaure, uniq_sigmund, uniq_duvessa
D:5:      layout_cave_pods
D:6:      layout_rooms, gammafunk_ghost_cemetery
D:7:      nzn_winding_woodlands_stair_cross
          [nzn_winding_woodlands_5x15_pathside_ponds,
          nzn_winding_woodlands_center_pierced_h,
          nzn_winding_woodlands_5x15_default, nzn_winding_woodlands_5x5_three,
          nzn_winding_woodlands_hourglass, nzn_winding_woodlands_5x15_cabin,
          nzn_winding_woodlands_center_triple_pond,
          nzn_winding_woodlands_5x15_eye], layout_loops_ring,
          minmay_temple_entry_fiery
D:8:      layout_basic, mainiacjoe_overflow_big_doors,
          mainiacjoe_overflow_catwalk_spiral, minmay_misc_feat_iff, uniq_psyche,
          uniq_pikel, uniq_grum
D:9:      layout_cave_pools, mainiacjoe_overflow_catwalk, serial_shops, shop,
          minmay_shop_grid_forest
D:10:     layout_grid_maze, lair_entry_dummy, erik_orc_1
Lair:1:   layout_layer_cave, uniq_fannar
Lair:2:   layout_regular_city, minmay_swamp_entry_reptiles,
          nicolae_volcano_entry_s_turn, st_stairs_9
Lair:3:   layout_roguey [special_room_bee], hellmonk_spider_entry_not_the_bees,
          gauntlet_entry_generic, lemuel_fruit_tree
Gauntlet: minmay_gauntlet_mixed_big_or_small [gammafunk_gauntlet_arena_chambers,
          minmay_gauntlet_arena_77_double_cross, nicolae_gauntlet_swirl,
          minmay_gauntlet_arena_77_checkered, nicolae_gauntlet_arena_blocks,
          minmay_gauntlet_arena_77_shame_cube,
          nicolae_gauntlet_exit_dead_adventurers]

Skill      XL: |  1  2  3  4  5  6  7  8  9 10 11 12 |
---------------+-------------------------------------+-----
Axes           | 3 4 5 6 7 8 10 11 13 | 13.3
Dodging        | 2 3 4 |  4.3
Fighting       | 4 5 7 8 9 11 | 11.1
Stealth        | 1 2 3 4 5 |  5.1
Armour         | 3 4 5 6 7 9 10 11 | 11.4
Throwing       | 1 |  1.3
Shields        | 1 2 |  2.1
Polearms       | 2 |  2.3

Action                     |  1- 3 |  4- 6 |  7- 9 | 10-12 || total
---------------------------+-------+-------+-------+-------++-------
  Melee: Hand axe          |   115 |   135 |   393 |    84 ||   727
         Punch             |     1 |     1 |     4 |     1 ||     7
         War axe           |       |       |       |   355 ||   355
         Trident           |       |       |       |    17 ||    17
  Throw: Javelin           |       |       |     4 |       ||     4
         Dart              |       |       |       |     2 ||     2
 Invoke: Berserk           |     1 |     4 |     8 |    10 ||    23
         Trog's Hand       |       |     3 |     2 |     5 ||    10
    Use: Scroll            |     2 |    10 |     9 |     7 ||    28
         Potion            |       |     1 |     1 |       ||     2
   Stab: Distracted        |       |       |       |     9 ||     9
 Armour: Animal skin       |    31 |       |       |       ||    31
         Scale mail        |    22 |    71 |   274 |    18 ||   385
         Plate armour      |       |       |       |   371 ||   371
  Dodge: Dodged            |    80 |    68 |   228 |   195 ||   571
  Block: Buckler           |       |       |       |    53 ||    53

Table legend: (Time is in decaauts)
 A = Elapsed time spent in this place.
 B = Non-inter-level travel time spent in this place.
 C = Inter-level travel time spent in this place.
 D = Time resting spent in this place.
 E = Time spent auto-exploring this place.
 F = Levels seen in this place.
 G = Mean time per level.
                   A        B        C        D        E       F      G
               +--------+--------+--------+--------+--------+-----+--------+
         Total |  12099 |  11409 |    690 |    794 |   7985 |  14 |  864.2 |
       Dungeon |   9143 |   8539 |    604 |    608 |   5896 |  10 |  914.3 |
          Lair |   2836 |   2750 |     86 |    153 |   2088 |   3 |  945.3 |
      Gauntlet |    118 |    118 |      0 |     33 |      0 |   1 |  118.0 |
               +--------+--------+--------+--------+--------+-----+--------+

Top non-repeatable levels by time:
     D:8: 1526 daAuts
  Lair:1: 1455 daAuts
    D:10: 1094 daAuts
     D:2: 1069 daAuts
     D:5: 987 daAuts
     D:1: 908 daAuts
  Lair:2: 883 daAuts
     D:6: 860 daAuts
     D:4: 828 daAuts
     D:3: 797 daAuts
     D:7: 572 daAuts
     D:9: 498 daAuts
  Lair:3: 498 daAuts
Gauntlet: 118 daAuts
